 Dungeon Crawl Stone Soup version 0.18.1-8-gdd0e5ea (webtiles) character file.

28374 Liquid the Grappler (level 13, -9/131 HPs)
             Began as a Troll Monk on June 3, 2016.
             Was a High Priest of Trog.
             Mangled by a blink frog (16 damage)
             ... on level 3 of the Lair of Beasts.
             The game lasted 00:33:56 (12680 turns).

Liquid the Grappler (Troll Monk)                   Turns: 12680, Time: 00:33:57

Health: -9/131     AC: 12    Str: 24    XL:     13   Next: 9%
Magic:  12/12      EV: 17    Int:  6    God:    Trog [*****.]
Gold:   847        SH:  0    Dex: 16    Spells: 0 memorised, 12 levels left

rFire  + . .     SeeInvis .       - Unarmed
rCold  + . .     Gourm    +     J - +2 robe {rC+ rF+}
rNeg   . . .     Faith    .     (no shield)
rPois  +         Spirit   .     p - +2 hat
rElec  +         Dismiss  .     O - +2 cloak
rCorr  .         Reflect  .     (gloves unavailable)
SustAt .         Harm     .     (boots unavailable)
MR     .....                    e - amulet of magic regeneration
Stlth  ++........               E - ring of Archotoi {+Inv rElec rPois Str+2 Slay+3}
                                F - +2 ring of dexterity

@: about to teleport, not resistant to hostile enchantments, unstealthy
A: unfitting armour, claws 3, fast metabolism 3, gourmand, regeneration 3,
shaggy fur 1, tough skin 2, weak 1, no device heal 1
a: Berserk, Trog's Hand, Brothers in Arms, Burn Spellbooks, Renounce Religion,
Evoke Invisibility


You were on level 3 of the Lair of Beasts.
You worshipped Trog.
Trog was extremely pleased with you.
You were full.

You visited 2 branches of the dungeon, and saw 15 of its levels.

You collected 847 gold pieces.

Inventory:

Missiles
 y - 6 large rocks (quivered)
Armour
 p - a +2 hat (worn)
 J - a +2 robe of resistance (worn)
 O - a +2 cloak (worn)
Rods
 s - a +4 lightning rod (13/13)
   (You found it on level 12 of the Dungeon)
Jewellery
 e - an amulet of magic regeneration (around neck)
 g - an uncursed ring of flight
 l - an uncursed ring of positive energy
 m - an uncursed ring of resist corrosion
 q - an uncursed ring of ice
 E - the ring of Archotoi (right claw) {+Inv rElec rPois Str+2 Slay+3}
   (You found it on level 6 of the Dungeon)

   [ring of strength]

   It affects your strength (+2).
   It affects your accuracy and damage with ranged weapons and melee attacks
   (+3).
   It insulates you from electricity.
   It protects you from poison.
   It lets you turn invisible.
 F - a +2 ring of dexterity (left claw)
 I - an uncursed ring of fire
Wands
 a - a wand of random effects (0/48)
 h - a wand of digging (9/24)
 P - a wand of confusion (37/48)
 R - a wand of lightning (9/15)
 S - a wand of lightning (9/15)
Scrolls
 c - 3 scrolls of remove curse
 d - a scroll of teleportation
 f - 2 scrolls of amnesia
 k - 2 scrolls of magic mapping
 u - 7 scrolls of random uselessness
 w - 2 scrolls of recharging
 L - a scroll of enchant armour
 N - 2 scrolls of identify
Potions
 n - a potion of cure mutation
 r - 2 potions of resistance
 t - 7 potions of curing
 v - 5 potions of degeneration
 x - 4 potions of agility
 z - a potion of ambrosia
 B - a potion of lignification
 C - a potion of beneficial mutation {unknown}
 D - 2 potions of might {unknown}
 H - 3 potions of magic
 K - 2 potions of brilliance {unknown}
Books
 M - a book of Ice

   Spells                             Type                      Level
   a - Ice Form                       Ice/Transmutation            4
   b - Metabolic Englaciation         Hexes/Ice                    5
   c - Ozocubu's Refrigeration        Ice                          6
   d - Bolt of Cold                   Conjuration/Ice              6
   e - Freezing Cloud                 Conjuration/Ice/Air          6
   f - Simulacrum                     Ice/Necromancy               6
   Trog disapproves of the use of such an item.
Comestibles
 b - 13 bread rations
 i - 8 beef jerkies
 j - 5 meat rations
 o - 19 royal jellies
 A - 7 fruits
 G - 2 slices of pizza


   Skills:
 + Level 9.1 Fighting
 + Level 7.7 Throwing
 * Level 11.7 Dodging
 - Level 1.1 Stealth
 + Level 12.4 Unarmed Combat


You had 12 spell levels left.
You didn't know any spells.

Dungeon Overview and Level Annotations

Branches:
Dungeon (12/15)            Temple (0/1) D:4            Lair (3/8) D:10
    Orc (0/2) D:11
  Swamp: Lair:3-6    Shoals: Lair:3-6     Snake: Lair:3-6    Spider: Lair:3-6

Altars:
Dithmenos
Elyvilon
Gozag
Okawaru
Pakellas
Sif Muna
Trog
Vehumet
Yredelemnul
Beogh

Shops:
D:6 %   D:7 (

Annotations:
D:12 6 runed doors


Innate Abilities, Weirdness & Mutations

You are too large for most types of armour.
You have claws for hands.
Your metabolism is lightning-fast.
You like to eat raw meat.
You regenerate.
You are covered in fur (AC +1).
You have very tough skin (AC +2).
You are weak. (Str -2)
Potions and wands are less effective at restoring your health.


Message History

The blink frog blinks!
The eight-headed hydra bites you!
* * * LOW HITPOINT WARNING * * *
The eight-headed hydra completely misses you.
The eight-headed hydra bites you.
* * * LOW HITPOINT WARNING * * *
The eight-headed hydra misses you. x2; The eight-headed hydra bites you!
* * * LOW HITPOINT WARNING * * *
The eight-headed hydra bites you.
* * * LOW HITPOINT WARNING * * *
The eight-headed hydra bites you!
* * * LOW HITPOINT WARNING * * *
The blink frog hits you.
* * * LOW HITPOINT WARNING * * *
The blink frog completely misses you. The blink frog closely misses you.
The blink frog barely misses you.
The blink frog blinks!
The blink frog closely misses you.
Read which item? (? for menu, Esc to quit)
As you read the scroll of teleportation, it crumbles to dust.
You feel strangely unstable. The blink frog hits you!
You die...

#.......hF....# .
###..#.#.....## ...
#...D##....###♣ ....
#P.######...#.# ...P.
##.# #.....#♣♣..PP#
#F.# #P...........#
#P.# ###.##..♣P...
##.#####Fh##........#
#....@FD.F(........#
#P.###.####.........
#### ### ##........
#.......[ #........
..###.#.. .. ... .#
.#


You could see an eight-headed hydra, a polar bear and 3 blink frogs.

Vanquished Creatures
  The ghost of Aquadorian the Slicer, a journeyman KoBe of Trog (D:11)
  A death knight (D:12)
  Erolcha (D:9)
  An unseen horror (D:9)
  4 hill giants
  A phantasmal warrior (D:12)
  An ugly thing (D:10)
  A cyclops (D:11)
  A spiny frog (Lair:2)
  Maurice (D:9)
  A gargoyle (D:11)
  2 komodo dragons
  A rime drake (Lair:1)
  5 trolls
  A queen bee (D:9)
  The ghost of Liquid the Skirmisher, an amateur HuFi (D:4)
  4 two-headed ogres
  3 slime creatures (D:10)
  9 blink frogs (Lair:2)
  2 shadows (D:12)
  A wyvern (D:8)
  A basilisk (Lair:1)
  A steam dragon (D:8)
  19 yaks
  5 hippogriffs
  Menkaure (D:5)
  A mottled dragon (D:12)
  2 water moccasins
  5 porcupines
  3 sky beasts
  9 orc warriors
  5 ice beasts
  The ghost of Rationalist the Skirmisher, an amateur MiBe of Trog (D:3)
  9 ogres
  A phantom (D:5)
  3 wasps
  3 eyes of draining
  A tengu (D:9)
  7 wolves (D:10)
  A necrophage (D:8)
  6 crocodiles
  7 centaurs
  5 big kobolds
  11 giant frogs
  2 scorpions
  33 killer bees
  3 spriggan skeletons (D:9)
  10 wights
  A troll skeleton (D:9)
  3 howler monkeys
  5 electric eels (D:10)
  10 crimson imps
  4 centaur zombies
  3 giant frog zombies
  5 centaur skeletons
  2 giant frog skeletons
  4 hounds
  7 orc priests
  3 jellies
  15 orc wizards
  5 iguanas
  10 worker ants
  A killer bee zombie (D:8)
  A howler monkey zombie (D:7)
  2 howler monkey skeletons
  15 adders
  2 shadow imps
  4 oozes
  3 adder skeletons
  An adder zombie (D:9)
  A worm (D:4)
  A dart slug (D:3)
  7 giant geckos
  46 orcs
  5 giant cockroaches
  5 goblins
  8 hobgoblins
  11 jackals
  5 quokkas
  5 ball pythons
  7 bats
  A giant gecko skeleton (D:5)
  A giant gecko zombie (D:5)
  5 giant newts
  A jackal skeleton (D:4)
  21 kobolds
  A quokka zombie (D:7)
  5 rats
  A spectral orc (D:5)
  A butterfly (Lair:2)
442 creatures vanquished.

Vanquished Creatures (collateral kills)
  An ugly thing (D:11)
  A gargoyle (D:11)
  A crimson imp (D:11)
  2 orcs (D:11)
5 creatures vanquished.

Grand Total: 447 creatures vanquished

Notes
Turn   | Place    | Note
--------------------------------------------------------------
     0 | D:1      | Liquid the Troll Monk began the quest for the Orb.
     0 | D:1      | Reached XP level 1. HP: 22/22 MP: 0/0
   142 | D:1      | Found an iron altar of Okawaru.
   320 | D:1      | Reached XP level 2. HP: 29/29 MP: 1/1
   647 | D:2      | Found an opulent altar of Gozag.
   829 | D:2      | Reached XP level 3. HP: 30/36 MP: 2/2
  1288 | D:2      | Reached XP level 4. HP: 45/45 MP: 3/3
  1384 | D:3      | Reached skill level 5 in Unarmed Combat
  1725 | D:3      | Found a bloodstained altar of Trog.
  1738 | D:3      | Reached XP level 5. HP: 53/53 MP: 4/4
  1740 | D:3      | Found a white marble altar of Elyvilon.
  1741 | D:3      | Noticed Rationalist's ghost (amateur MiBe)
  1753 | D:3      | Killed Rationalist's ghost
  1856 | D:3      | Became a worshipper of Trog the Wrathful
  1856 | D:3      | Reached * piety under Trog
  1856 | D:3      | Reached ** piety under Trog
  1878 | D:4      | Found an oddly glowing altar of Pakellas.
  1890 | D:4      | Found a staircase to the Ecumenical Temple.
  1948 | D:4      | Noticed Liquid's ghost (amateur HuFi)
  1968 | D:4      | Killed Liquid's ghost
  1968 | D:4      | Reached skill level 6 in Unarmed Combat
  1968 | D:4      | Reached XP level 6. HP: 25/62 MP: 5/5
  2287 | D:4      | Reached XP level 7. HP: 41/68 MP: 6/6
  2736 | D:5      | Entered Level 5 of the Dungeon
  2846 | D:5      | Reached skill level 7 in Unarmed Combat
  2876 | D:5      | Reached skill level 1 in Throwing
  2993 | D:5      | Noticed Menkaure
  3000 | D:5      | Killed Menkaure
  3233 | D:5      | Reached XP level 8. HP: 63/79 MP: 7/7
  3493 | D:5      | Found a basalt altar of Yredelemnul.
  3555 | D:6      | Reached skill level 8 in Unarmed Combat
  3726 | D:6      | Found Jafu Kaqi's Food Boutique.
  3803 | D:6      | Got a bound amber ring
  4011 | D:6      | Reached skill level 5 in Fighting
  4254 | D:7      | HP: 4/80 [iguana (1)]
  4273 | D:7      | Found Qith's Weapon Shoppe.
  4412 | D:7      | Reached skill level 5 in Dodging
  4597 | D:7      | Found a radiant altar of Vehumet.
  4597 | D:7      | Found a deep blue altar of Sif Muna.
  4704 | D:7      | Reached XP level 9. HP: 75/88 MP: 8/8
  4734 | D:7      | Identified the ring of Archotoi {+Inv rElec rPois Str+2 Slay+3} (You found it on level 6 of the Dungeon)
  4782 | D:7      | Reached skill level 9 in Unarmed Combat
  5307 | D:7      | Reached *** piety under Trog
  5778 | D:8      | Reached XP level 10. HP: 88/98 MP: 9/9
  5786 | D:8      | Reached skill level 5 in Throwing
  6089 | D:8      | Reached **** piety under Trog
  6754 | D:9      | Reached skill level 10 in Unarmed Combat
  6868 | D:9      | Found a shadowy altar of Dithmenos.
  6943 | D:9      | Killed an unseen horror
  7119 | D:9      | Noticed Maurice
  7125 | D:9      | Killed Maurice
  7337 | D:9      | Noticed Erolcha
  7341 | D:9      | Killed Erolcha
  7341 | D:9      | Reached XP level 11. HP: 109/109 MP: 10/10
  7651 | D:9      | Reached ***** piety under Trog
  7987 | D:10     | Entered Level 10 of the Dungeon
  8054 | D:10     | Noticed a cyan ugly thing
  8063 | D:10     | Killed a cyan ugly thing
  8063 | D:10     | Received a gift from Trog
  8133 | D:10     | Reached skill level 11 in Unarmed Combat
  8382 | D:10     | Found a staircase to the Lair.
  8396 | D:10     | Received a gift from Trog
  8732 | D:10     | Noticed a hill giant
  8736 | D:10     | Killed a hill giant
  8808 | D:11     | Noticed Aquadorian's ghost (journeyman KoBe)
  8816 | D:11     | Killed Aquadorian's ghost
  8833 | D:11     | Noticed a purple ugly thing
  8834 | D:11     | Killed a purple ugly thing
  8888 | D:11     | Reached skill level 10 in Dodging
  8929 | D:11     | Found a staircase to the Orcish Mines.
  8981 | D:11     | Received a gift from Trog
  9018 | D:11     | Reached XP level 12. HP: 51/120 MP: 11/11
  9308 | D:11     | Received a gift from Trog
  9325 | D:11     | Gained mutation: Your body sometimes deteriorates upon taking damage. [mutagenic meat]
  9326 | D:11     | Gained mutation: You are weak. (Str -2) [mutagenic meat]
  9327 | D:11     | Gained mutation: Your system is resistant to poisons. [mutagenic meat]
  9328 | D:11     | Gained mutation: You regenerate. [mutagenic meat]
  9541 | D:12     | Received a gift from Trog
  9659 | D:12     | Found a large runed door.
  9665 | D:12     | Found a large runed door.
  9665 | D:12     | Found a large runed door.
  9666 | D:12     | Found a large runed door.
  9666 | D:12     | Found a large runed door.
  9668 | D:12     | Found a large runed door.
  9669 | D:12     | Found a large runed door.
  9669 | D:12     | Found a large runed door.
  9743 | D:12     | Gained mutation: You possess an exceptional clarity of mind. [mutagenic meat]
  9745 | D:12     | Gained mutation: Potions and wands are less effective at restoring your health. [mutagenic meat]
  9764 | D:12     | Lost mutation: Your body sometimes deteriorates upon taking damage. [potion of cure mutation]
  9764 | D:12     | Lost mutation: Your system is resistant to poisons. [potion of cure mutation]
  9764 | D:12     | Lost mutation: You possess an exceptional clarity of mind. [potion of cure mutation]
  9959 | D:12     | Noticed a death knight
  9984 | D:12     | Killed a death knight
 10005 | D:12     | Received a gift from Trog
 10041 | D:12     | Found a roughly hewn altar of Beogh.
 10087 | D:12     | Reached skill level 12 in Unarmed Combat
 10434 | D:12     | Identified the Volume of Boosts and the Escort (You found it on level 12 of the Dungeon)
 10635 | D:12     | Received a gift from Trog
 10893 | Lair:1   | Entered Level 1 of the Lair of Beasts
 11561 | Lair:1   | Received a gift from Trog
 11950 | Lair:2   | Reached XP level 13. HP: 79/131 MP: 12/12
 12179 | Lair:2   | Received a gift from Trog
 12676 | Lair:3   | HP: 6/131 [eight-headed hydra (9)]
 12680 | Lair:3   | Mangled by a blink frog

Skill      XL: |  1  2  3  4  5  6  7  8  9 10 11 12 |
---------------+-------------------------------------+-----
Fighting       | 3 4 5 6 7 8 9 |  9.1
Dodging        | 3 4 5 6 8 10 11 | 11.7
Unarmed Combat | 5 6 7 8 9 10 11 12 | 12.4
Throwing       | 1 3 4 6 7 |  7.7
Stealth        | |  1.1

Action                   |  1- 3 |  4- 6 |  7- 9 | 10-12 | 13-15 || total
-------------------------+-------+-------+-------+-------+-------++-------
Melee: Unarmed           |   109 |   116 |   305 |   765 |    46 ||  1341
       Punch             |     1 |     3 |    16 |    49 |     6 ||    75
Throw: Javelin           |       |       |       |     6 |       ||     6
       Large rock        |       |       |       |     5 |     3 ||     8
Invok: Trog's Hand       |       |       |     2 |     6 |       ||     8
       Berserk           |       |       |     1 |     7 |       ||     8
       Brothers in Arms  |       |       |       |     3 |       ||     3
Evoke: Wand              |       |       |       |    15 |       ||    15
  Use: Scroll            |       |       |    16 |     8 |     1 ||    25
       Potion            |       |       |       |     6 |       ||     6
 Stab: Sleeping          |     2 |     2 |     1 |     1 |       ||     6
       Distracted        |       |       |     1 |     3 |     1 ||     5
  Eat: Chunk             |    14 |    12 |    32 |    70 |     6 ||   134
       Royal jelly       |       |       |     1 |       |       ||     1
Armor: Robe              |    46 |    39 |    92 |   209 |    10 ||   396
Dodge: Dodged            |    67 |    47 |   175 |   673 |    58 ||  1020
